 Dungeon Crawl Stone Soup version 0.18.1-8-gdd0e5ea (webtiles) character file.

124 mindo the Charmwright (level 4, -4/30 HPs)
             Began as a High Elf Skald on June 2, 2016.
             Killed from afar by Natasha (9 damage)
             ... with a magic dart
             ... on level 3 of the Dungeon.
             The game lasted 00:13:18 (2871 turns).

mindo the Charmwright (High Elf Skald)              Turns: 2871, Time: 00:13:20

Health: -4/30      AC:  6    Str: 11    XL:     4   Next: 81%
Magic:  9/9        EV: 11    Int: 16    God:
Gold:   125        SH:  0    Dex: 15    Spells: 1 memorised, 8 levels left

rFire  + . .     SeeInvis .     l - -2 short sword (curse)
rCold  . . .     Gourm    .     f - +0 ring mail
rNeg   . . .     Faith    +     (no shield)
rPois  .         Spirit   .     (no helmet)
rElec  .         Dismiss  .     j - +0 cloak (curse)
rCorr  .         Reflect  .     (no gloves)
SustAt .         Harm     .     (no boots)
MR     .....                    k - amulet of faith
Stlth  +.........               (no ring)
                                n - ring of protection from fire

@: not resistant to hostile enchantments, very unstealthy
A: no striking features
a: no special abilities


You were on level 3 of the Dungeon.
You were not hungry.

You visited 1 branch of the dungeon, and saw 4 of its levels.

You collected 125 gold pieces.

Inventory:

Hand Weapons
 a - a +0 falchion
 l - a cursed -2 short sword (weapon)
Armour
 b - a +0 leather armour
 f - a +0 ring mail (worn)
 j - a cursed +0 cloak (worn)
 q - a +0 naga barding
Jewellery
 k - an amulet of faith (around neck)
 n - a ring of protection from fire (left hand)
Wands
 p - a wand of enslavement (15/24)
Scrolls
 i - 5 scrolls of identify
Potions
 e - 2 potions of curing {unknown}
 g - 2 potions of degeneration {unknown}
 h - 3 potions of cure mutation {unknown}
 o - 2 potions of brilliance {unknown}
Books
 c - a book of Battle

   Spells                             Type                      Level
   a - Infusion                       Charms                       1
   b - Shroud of Golubria             Charms/Translocation         2
   c - Song of Slaying                Charms                       2
   d - Spectral Weapon                Hexes/Charms                 3
   e - Regeneration                   Charms/Necromancy            3
Comestibles
 d - a bread ration


   Skills:
 + Level 2.4 Fighting
 + Level 0.8(1.9) Short Blades
 + Level 2.7(2.8) Long Blades
 + Level 1.8 Armour
 + Level 2.5 Dodging
 + Level 3.2 Spellcasting
 + Level 4.4 Charms


You had 8 spell levels left.
You knew the following spells:

 Your Spells              Type           Power        Failure   Level  Hunger
a - Infusion              Chrm           ###.         10%         1    None


Dungeon Overview and Level Annotations

Branches:
Dungeon (4/15)
 Temple: D:4-7

Altars:
Cheibriados
Dithmenos
Fedhas
Nemelex Xobeh
Okawaru
Trog
Xom
Yredelemnul

Annotations:
D:3 Natasha


Message History

You hit Natasha.
Natasha is lightly wounded.
Natasha misses you.
You hit Natasha.
Natasha is lightly wounded.
Natasha claws you.
* * * LOW HITPOINT WARNING * * *
You hit Natasha.
Natasha is moderately wounded.
Natasha misses you.
You hit Natasha.
Natasha is heavily wounded.
Natasha zaps a wand.
The puff of flame hits you! You resist.
* * * LOW HITPOINT WARNING * * *
It is a wand of flame.
You hit Natasha but do no damage.
Natasha is heavily wounded.
Natasha casts a spell at you. The magic dart hits you!
You die...

#.# #.# #.# #.# #.#
######.# #.###.# #......#
#.....# #.###### ###
#####.# #.# #.## #.# #.#
.#.######### #.# #.#
###.....†..######.######.#
.#............5h@........#
#.###############.########
#################.#
..................#
.################## ##


You could see Natasha and a crimson imp.

Vanquished Creatures
  Natasha (D:3)
  4 adders
  An adder skeleton (D:4)
  2 dart slugs
  A giant gecko (D:3)
  3 orcs (D:3)
  2 ball pythons
  9 bats
  2 giant cockroaches (D:3)
  7 hobgoblins
  A quokka (D:3)
  2 giant newts
  7 goblins
  6 kobolds
  10 rats
58 creatures vanquished.

Notes
Turn   | Place    | Note
--------------------------------------------------------------
     0 | D:1      | mindo the High Elf Skald began the quest for the Orb.
     0 | D:1      | Reached XP level 1. HP: 14/14 MP: 4/4
   261 | D:1      | Reached skill level 4 in Charms
   350 | D:1      | Reached XP level 2. HP: 11/19 MP: 6/6
   524 | D:1      | Reached skill level 1 in Armour
   647 | D:1      | Reached XP level 3. HP: 18/24 MP: 6/8
  1205 | D:2      | Found an iron altar of Okawaru.
  1205 | D:2      | Found a bloodstained altar of Trog.
  1205 | D:2      | Found a sparkling altar of Nemelex Xobeh.
  1218 | D:2      | Found a basalt altar of Yredelemnul.
  1219 | D:2      | Found a blossoming altar of Fedhas.
  1220 | D:2      | Found a snail-covered altar of Cheibriados.
  1563 | D:2      | Reached XP level 4. HP: 20/30 MP: 5/9
  2253 | D:3      | Noticed Natasha
  2283 | D:3      | Killed Natasha
  2637 | D:3      | Found a shadowy altar of Dithmenos.
  2637 | D:3      | Found a shimmering altar of Xom.
  2859 | D:3      | Noticed Natasha
  2871 | D:3      | Killed from afar by Natasha

Skill      XL: |  1  2  3  4 |
---------------+-------------+-----
Charms         | 4 |  4.4
Armour         | 1 |  1.8
Dodging        | 2 |  2.5
Spellcasting   | 3 |  3.2
Fighting       | |  2.4
Short Blades   | |  0.8
Long Blades    | |  2.7

Action                   |  1- 3 |  4- 6 || total
-------------------------+-------+-------++-------
Melee: Falchion          |   100 |       ||   100
       Short sword       |    45 |    97 ||   142
 Cast: Infusion          |    10 |    11 ||    21
  Use: Scroll            |     3 |     3 ||     6
  Eat: Pizza             |     1 |       ||     1
       Meat ration       |       |     1 ||     1
       Beef jerky        |       |     1 ||     1
Armor: Leather armour    |     9 |       ||     9
       Ring mail         |    61 |    45 ||   106
Dodge: Dodged            |    99 |    57 ||   156
